 Dungeon Crawl Stone Soup version 0.17-a0-1646-geb1493d (webtiles) character file.

69 Murumi the Shield-Bearer (level 4, -1/37 HPs)
             Began as a Formicid Fighter on Aug 9, 2015.
             Killed by nerve-wracking pain
             ... invoked by an orc priest
              (11 damage)
             ... on level 3 of the Dungeon.
             The game lasted 00:08:12 (1694 turns).

Murumi the Shield-Bearer (Formicid Fighter)         Turns: 1694, Time: 00:08:12

Health: -1/37      AC:  9    Str: 21    XL:     4   Next: 42%
Magic:  4/4        EV:  8    Int:  8    God:
Gold:   24         SH:  9    Dex: 10    Spells: 0 memorised, 3 levels left

rFire  + . .     SeeInvis +     a - +0 long sword
rCold  x . .     Clarity  .     b - +0 scale mail
rNeg   + . .     SustAt   .     c - +0 shield
rPois  .         Gourm    .     (helmet unavailable)
rElec  .         Spirit   .     l - +0 cloak {MR+}
rCorr  .         Warding  +     n - +0 pair of gloves
rMut   .         Stasis   +     (no boots)
MR     +....                    m - amulet of warding
Stlth  ..........               (no ring)
                                i - ring of fire

@: somewhat resistant to hostile enchantments, extremely unstealthy
A: permanent stasis, dig shafts and tunnels, four strong arms, antennae 3
a: Dig, Shaft Self


You were on level 3 of the Dungeon.
You were not hungry.

You visited 1 branch of the dungeon, and saw 3 of its levels.

You collected 24 gold pieces.

Inventory:

Hand weapons
 a - a +0 long sword (weapon)
Armour
 b - a +0 scale mail (worn)
 c - a +0 shield (worn)
 l - a +0 cloak of magic resistance (worn)
 n - a +0 pair of gloves (worn)
Jewellery
 i - a ring of fire (left hand)
 m - an amulet of warding (around neck)
Scrolls
 f - 3 scrolls of teleportation {unknown}
 g - 2 scrolls of identify {unknown}
 h - 2 scrolls of random uselessness {unknown}
 j - a scroll of magic mapping {unknown}
 k - 2 scrolls of noise {unknown}
 q - a scroll of blinking {unknown}
Potions
 d - a potion of might
Comestibles
 e - 4 bread rations
 o - a slice of pizza
 p - a meat ration


   Skills:
 - Level 4.0 Fighting
 - Level 2.0 Long Blades
 + Level 3.6 Armour
 - Level 2.1 Dodging
 - Level 4.0 Shields


You had 3 spell levels left.
You didn't know any spells.

Dungeon Overview and Level Annotations

Branches:
Dungeon (3/15)

Altars:


Innate Abilities, Weirdness & Mutations

You are under a permanent stasis effect.
You can dig through walls and to a lower floor.
Your four strong arms can wield two-handed weapons with a shield.
You have a pair of large antennae on your head (SInv).


Message History

You slash the orc wizard!
The orc wizard is severely wounded.
You block the orc wizard's attack.
The orc wizard hits you but does no damage.
Your shield and scale mail prevent you from hitting the orc wizard.
The orc wizard is severely wounded.
The orc wizard hits you with a dagger.
* * * LOW HITPOINT WARNING * * *
You are too injured to fight recklessly!
You hit the orc wizard.
The orc wizard is almost dead.
The orc wizard mumbles some strange words.
The orc wizard blinks!
You closely miss the orc priest. You block the orc priest's attack.
You hit the orc priest but do no damage.
The orc priest closely misses you.
Your shield prevents you from hitting the orc priest.
The orc priest invokes the aid of Beogh against you.
Pain shoots through your body!
You die...

##)####.....#... #
#.## #.<.†......
#.##)# #...........
##..{.# ##.$........
##.....#####.........
........{(...{...#....
#.....####.####....$..
#.#..# #o## ####... #
##. ##@# .. ## ###


You could see an orc priest.

Vanquished Creatures
  An adder (D:2)
  An ooze (D:2)
  2 worms (D:2)
  An orc (D:3)
  13 bats
  6 giant cockroaches
  5 goblins
  6 hobgoblins
  3 kobolds
  A ball python (D:1)
  A giant gecko (D:2)
  3 giant newts
  5 rats
48 creatures vanquished.

Notes
Turn   | Place    | Note
--------------------------------------------------------------
     0 | D:1      | Murumi the Formicid Fighter began the quest for the Orb.
     0 | D:1      | Reached XP level 1. HP: 18/18 MP: 1/1
    69 | D:1      | Reached skill level 4 in Shields
   162 | D:1      | Reached XP level 2. HP: 24/24 MP: 2/2
   237 | D:1      | Reached skill level 1 in Dodging
   879 | D:2      | Reached XP level 3. HP: 29/29 MP: 3/3
  1213 | D:2      | Reached XP level 4. HP: 37/37 MP: 4/4
  1694 | D:3      | Killed from afar by an orc priest

Vault maps used:
D:1:      lemuel_arrival_room, minmay_misc_feat_room, minivault_5
D:3:      tgw_sif, kiku_gazebo_garden_becter

Action                   |  1- 3 |  4- 6 || total
-------------------------+-------+-------++-------
Melee: Long sword        |   110 |    80 ||   190
 Abil: Dig               |       |     2 ||     2
  Eat: Chunk             |     1 |     2 ||     3
